 Dungeon Crawl Stone Soup version 0.23-a0-448-g1c01f63178 (webtiles) character file.

17839 Ladeesh the Geomancer (level 12, -35/76 HPs)
             Began as a Gargoyle Earth Elementalist on Nov 20, 2018.
             Was a High Priest of Vehumet.
             Annihilated by a very large slime creature (55 damage)
             ... on level 11 of the Dungeon.
             The game lasted 00:35:59 (13195 turns).

Ladeesh the Geomancer (GrEE)                       Turns: 13195, Time: 00:35:59

Health: -35/76     AC: 20    Str: 11    XL:     12   Next: 52%
Magic:  3/25       EV: 13    Int: 22    God:    Vehumet [*****.]
Gold:   561        SH:  0    Dex: 10    Spells: 20/29 levels left

rFire    . . .     SeeInvis .   F - +2 scimitar (slice)
rCold    . . .     Gourm    .   (no shield)
rNeg     + . .     Faith    .   w - +2 robe {MR+}
rPois    ∞         Spirit   .   f - +0 helmet
rElec    +         Reflect  .   o - +0 cloak
rCorr    .         Harm     .   c - +0 pair of gloves {archery}
MR       ++...                  (no boots)
Stlth    ++........             p - amulet of rage
HPRegen  0.22/turn              L - ring of protection from magic
MPRegen  0.19/turn              O - +2 ring of protection

@: no status effects
A: rugged brown scales 1, negative energy resistance 1, robust 1, electricity
resistance, unbreathing, petrification resistance, rot immunity, AC +8
a: Renounce Religion, Evoke Berserk Rage


You were on level 11 of the Dungeon.
You worshipped Vehumet.
Vehumet was extremely pleased with you.
You were not hungry.

You visited 2 branches of the dungeon, and saw 12 of its levels.

You collected 771 gold pieces.
You spent 210 gold pieces at shops.

Inventory:

Hand Weapons
 q - a +0 club
 F - a +2 scimitar of slicing (weapon)
 M - a +2 hand axe of flaming
Missiles
 D - 2 javelins of returning (quivered)
 E - 5 throwing nets
Armour
 c - a +0 pair of gloves of archery (worn)
 f - a +0 helmet (worn)
 o - a +0 cloak (worn)
 w - a +2 robe of magic resistance (worn)
Jewellery
 p - an amulet of rage (around neck)
 y - an uncursed amulet of regeneration {unknown}
 H - a +4 amulet of reflection {unknown}
 L - a ring of protection from magic (left hand)
 O - a +2 ring of protection (right hand)
Wands
 a - a wand of flame (13)
 e - a wand of digging (2)
 t - a wand of disintegration (18)
 u - a wand of enslavement (21)
 v - a wand of iceblast (9)
 x - a wand of paralysis (15)
 B - a wand of polymorph (22)
Scrolls
 h - 8 scrolls of teleportation
 k - 2 scrolls of immolation
 l - 3 scrolls of enchant weapon
 m - 2 scrolls of magic mapping
 C - 3 scrolls of remove curse
 J - a scroll of fear
 K - a scroll of blinking
 P - a scroll of amnesia
Potions
 g - 4 potions of agility
 i - a potion of cancellation
 j - 3 potions of haste
 n - 3 potions of curing
 r - a potion of mutation
 s - 2 potions of flight
 z - a potion of lignification {unknown}
 A - 3 potions of ambrosia
 G - 2 potions of might
 I - a potion of berserk rage {unknown}
 N - a potion of brilliance {unknown}
Comestibles
 d - 24 rations


   Skills:
 + Level 5.1 Fighting
 + Level 4.7 Maces & Flails
 + Level 5.3 Armour
 + Level 4.3 Dodging
 - Level 2.1 Stealth
 + Level 9.4 Spellcasting
 + Level 10.5 Conjurations
   Level 0.7 Transmutations
 + Level 12.2 Earth Magic
 + Level 4.2 Evocations


You had 20 spell levels left.
You knew the following spells:

 Your Spells              Type           Power        Failure   Level  Hunger
a - Sandblast             Erth           ######       1%          1    None
b - Stone Arrow           Conj/Erth      ######       1%          3    None
c - Lee's Rapid Deconstr  Erth           ######....   1%          5    ####...

Your spell library contained the following spells:

 Spells                   Type           Power        Failure   Level  Hunger
 Conjure Ball Lightning   Conj/Air       ####......   28%         6    ######.
 Sting                    Conj/Pois      ####         1%          1    None
 Passwall                 Tmut/Erth      #####...     1%          2    None
 Mephitic Cloud           Conj/Pois/Air  ####....     1%          3    None
 Petrify                  Tmut/Erth      #####...     4%          4    ##.....
 Venom Bolt               Conj/Pois      ####......   5%          5    ####...
 Summon Small Mammal      Summ           ##..         6%          1    None
 Call Imp                 Summ           ##......     10%         2    None
 Poisonous Vapours        Pois/Air       ##....       10%         2    None
 Olgreb's Toxic Radiance  Pois           ##......     17%         4    ##.....
 Call Canine Familiar     Summ           ##......     19%         3    None
 Summon Guardian Golem    Hex/Summ       ##......     19%         3    None
 Summon Ice Beast         Ice/Summ       ##......     54%         4    ##.....
 Summon Lightning Spire   Summ/Air       ##......     54%         4    ##.....


Dungeon Overview and Level Annotations

Branches:
Dungeon (11/15)            Temple (1/1) D:5            Lair (0/6) D:10
    Orc (0/2) D:11

Altars:
Ashenzari
Cheibriados
Dithmenos
Elyvilon
Fedhas
Gozag
Hepliaklqana
Kikubaaqudgha
Makhleb
Nemelex Xobeh
Okawaru
Qazlal
Ru
Sif Muna
Trog
Uskayaw
Vehumet
Wu Jian
Xom
Yredelemnul
Zin
The Shining One

Shops:
D:4 [   D:7 [   D:9 }


Innate Abilities, Weirdness & Mutations

You are resistant to torment.
Your stone body is resilient. (AC +8)
You are immune to poison.
You resist negative energy. (rN+)
You are resistant to electric shocks. (rElec)
You can survive without breathing.
You are immune to petrification.
You are immune to rotting.
You are partially covered in rugged brown scales. (AC +1, +3% HP)
You are robust. (+10% HP)


Message History

Unknown command.
Unknown command.
Casting: Lee's Rapid Deconstruction (safe; 1% risk of failure)
Confirm with . or Enter, or press ? or * to list all spells.
Aiming: Lee's Rapid Deconstruction (safe; 1% risk of failure)
Press: ? - help, Dir - move target cursor A rock wall.
The wall shatters!
The blast of rock fragments hits the very large slime creature.
The very large slime creature is almost dead.
The blast of rock fragments hits the vampire.
The vampire is almost destroyed.
The very large slime creature hits you!!!
Ouch! That really hurt!
* * * LOW HITPOINT WARNING * * *
The slime creature hits you but does no damage.
Unknown command.
The very large slime creature hits you!!!
Ouch! That really hurt!
You die...

# #...# #...J....
#######...# #........
..........# #........
..........# #.....V..
..........######.#######
.................#
................V#
...............JJ#
................@#
.................#
#########
.................#
#........
####.............#
#........
...#.............#
#..######
...#.............# #..#
...#)............# #..#
.....####)######.# #..#
..8..# #># #..#


You could see a very large slime creature, a slime creature and a vampire.

Vanquished Creatures
  Harold (D:7)
  A hydra (D:10)
  4 two-headed ogres
  Urug (D:11)
  An unseen horror (D:10)
  Pikel (D:5)
  Joseph (D:8)
  A centaur zombie (D:10)
  2 centaur skeletons
  7 trolls
  A wind drake (shapeshifter) (D:10)
  A slime creature (D:11)
  Grinder (D:5)
  The ghost of oberejnoburuli the Ducker, an amateur OpMo of Ru (D:4)
  2 hippogriffs
  Sigmund (D:5)
  9 yaks (D:11)
  A human (D:7)
  3 hungry ghosts
  4 hogs (D:7)
  Menkaure (D:4)
  A water moccasin (D:10)
  3 orc warriors
  3 sky beasts
  2 ice beasts
  3 phantoms
  An eye of draining (D:11)
  13 centaurs
  4 ogres
  Blork the orc (D:6)
  9 bullfrogs
  A gnoll sergeant (D:10)
  3 scorpions
  A wyvern skeleton (D:11)
  3 troll zombies (D:11)
  5 wights (D:11)
  A bullfrog zombie (D:10)
  2 howler monkeys
  10 orc priests
  2 quasits
  3 crimson imps
  8 hounds
  11 orc wizards
  A gnoll shaman (D:8)
  Crazy Yiuf (D:6)
  3 jellies
  6 iguanas
  8 worker ants
  5 ogre zombies (D:11)
  A hound skeleton (D:8)
  A worker ant zombie (D:10)
  14 gnolls
  14 adders
  4 shadow imps
  2 adder zombies
  An adder skeleton (D:8)
  A worm (D:3)
  3 dart slugs
  7 leopard geckos
  28 orcs
  5 bats
  5 giant cockroaches
  9 hobgoblins
  8 jackals
  4 quokkas
  2 ball pythons
  5 frilled lizards
  6 goblins
  3 goblin skeletons (D:11)
  A goblin zombie (D:11)
  A hobgoblin skeleton (D:11)
  A hobgoblin zombie (D:11)
  6 kobolds
  2 leopard gecko skeletons (D:7)
  A leopard gecko zombie (D:6)
  2 orc skeletons (D:11)
  16 orc zombies (D:11)
  A quokka skeleton (D:7)
  5 rats
  A spectral orc (D:4)
319 creatures vanquished.

Vanquished Creatures (others)
  2 adders
2 creatures vanquished.

Grand Total: 321 creatures vanquished

Notes
Turn   | Place    | Note
-------+----------+-------------------------------------------
     0 | D:1      | Ladeesh the Gargoyle Earth Elementalist began the quest for
                  | the Orb.
     0 | D:1      | Reached XP level 1. HP: 10/10 MP: 3/3
   245 | D:1      | Reached XP level 2. HP: 4/15 MP: 3/5
   246 | D:1      | Reached skill level 4 in Earth Magic
  1230 | D:2      | Reached XP level 3. HP: 19/19 MP: 2/7
  1239 | D:2      | Learned a level 3 spell: Stone Arrow
  1461 | D:2      | Found an opulent altar of Gozag.
  1535 | D:2      | Reached skill level 1 in Conjurations
  1535 | D:2      | Reached XP level 4. HP: 22/24 MP: 8/8
  1617 | D:2      | Found a sparkling altar of Nemelex Xobeh.
  2582 | D:4      | Found a runed gate.
  2582 | D:4      | Found a runed gate.
  2582 | D:4      | Noticed oberejnoburuli's ghost (amateur OpMo)
  2582 | D:4      | Noticed an ogre
  2585 | D:4      | Noticed an ice beast
  2586 | D:4      | Killed an ogre
  2586 | D:4      | Reached skill level 5 in Earth Magic
  2586 | D:4      | Reached XP level 5. HP: 28/28 MP: 5/10
  2759 | D:4      | Noticed Menkaure
  2801 | D:4      | Killed Menkaure
  2801 | D:4      | Reached XP level 6. HP: 32/32 MP: 1/11
  2903 | D:4      | Found a basalt altar of Yredelemnul.
  3008 | D:4      | Reached skill level 6 in Earth Magic
  3180 | D:4      | Found Voameno's Antique Armour Shop.
  3207 | D:4      | Bought a pair of glowing gloves for 210 gold pieces
  3218 | D:4      | Learned a level 5 spell: Lee's Rapid Deconstruction
  3356 | D:4      | Found a runed gate.
  3623 | D:4      | Reached XP level 7. HP: 20/36 MP: 13/13
  4098 | D:4      | Killed oberejnoburuli's ghost
  4098 | D:4      | Reached skill level 5 in Spellcasting
  4098 | D:4      | Reached skill level 7 in Earth Magic
  4098 | D:4      | Reached XP level 8. HP: 41/41 MP: 3/15
  4108 | D:4      | Reached skill level 5 in Conjurations
  4357 | D:5      | Entered Level 5 of the Dungeon
  4357 | D:5      | Noticed Sigmund
  4364 | D:5      | Killed Sigmund
  4451 | D:5      | Noticed Pikel
  4465 | D:5      | Killed Pikel
  4465 | D:5      | Reached skill level 8 in Earth Magic
  4704 | D:5      | Noticed Grinder
  4709 | D:5      | Killed Grinder
  4709 | D:5      | Reached XP level 9. HP: 39/45 MP: 8/18
  4727 | D:5      | Found a staircase to the Ecumenical Temple.
  4736 | Temple   | Entered the Ecumenical Temple
  4855 | Temple   | Became a worshipper of Vehumet
  5002 | D:5      | Reached skill level 9 in Earth Magic
  5977 | D:6      | Found a runed door.
  5981 | D:6      | Noticed Crazy Yiuf
  5983 | D:6      | Killed Crazy Yiuf
  6073 | D:6      | Noticed Blork the orc
  6084 | D:6      | Killed Blork the orc
  6593 | D:7      | Found a shimmering altar of Xom.
  6645 | D:7      | Found a white marble altar of Elyvilon.
  6746 | D:7      | Reached * piety under Vehumet
  6746 | D:7      | Offered knowledge of Flame Tongue by Vehumet.
  6918 | D:7      | Gained mutation: You are partially covered in rugged brown
                  | scales. (AC +1, +3% HP) [potion of mutation]
  6918 | D:7      | Gained mutation: You are robust. (+10% HP) [potion of
                  | mutation]
  6979 | D:7      | Noticed Harold
  7267 | D:7      | Reached skill level 10 in Earth Magic
  7270 | D:7      | Killed Harold
  7270 | D:7      | Reached XP level 10. HP: 35/56 MP: 15/21
  7515 | D:7      | Found Omostruy's Armour Boutique.
  7548 | D:7      | Found a glowing silver altar of Zin.
  7548 | D:7      | Found a shadowy altar of Dithmenos.
  7548 | D:7      | Found an ancient bone altar of Kikubaaqudgha.
  7583 | D:8      | Noticed a two-headed ogre
  7592 | D:8      | Killed a two-headed ogre
  7592 | D:8      | Reached skill level 1 in Fighting
  7592 | D:8      | Reached skill level 1 in Maces & Flails
  7592 | D:8      | Reached skill level 1 in Armour
  7592 | D:8      | Reached skill level 11 in Earth Magic
  7613 | D:8      | Reached skill level 1 in Evocations
  7710 | D:8      | Noticed a two-headed ogre
  7716 | D:8      | Killed a two-headed ogre
  7778 | D:8      | Reached ** piety under Vehumet
  7784 | D:8      | Offered knowledge of Sting by Vehumet.
  7886 | D:8      | Noticed Joseph
  7899 | D:8      | Killed Joseph
  7899 | D:8      | Reached XP level 11. HP: 34/64 MP: 2/23
  8117 | D:8      | Noticed a two-headed ogre
  8124 | D:8      | Killed a two-headed ogre
  8258 | D:8      | Found a hide-covered altar of Uskayaw.
  8258 | D:8      | Found a bloodstained altar of Trog.
  8779 | D:9      | Noticed a two-headed ogre
  8784 | D:9      | Killed a two-headed ogre
  9015 | D:9      | Found Kofoal's Gadget Emporium.
  9036 | D:9      | Offered knowledge of Mephitic Cloud by Vehumet.
  9277 | D:9      | Reached *** piety under Vehumet
  9428 | D:9      | Found a deep blue altar of Sif Muna.
  9567 | D:10     | Entered Level 10 of the Dungeon
  9612 | D:10     | Found a staircase to the Lair.
  9722 | D:10     | Killed an unseen horror
 10246 | D:10     | Offered knowledge of Iskenderun's Mystic Blast by Vehumet.
 10471 | D:10     | Reached skill level 10 in Conjurations
 10631 | D:10     | Noticed a four-headed hydra
 10641 | D:10     | Killed a four-headed hydra
 10941 | D:11     | Reached **** piety under Vehumet
 10951 | D:11     | Noticed Urug
 10964 | D:11     | Killed Urug
 10964 | D:11     | Reached XP level 12. HP: 53/75 MP: 22/25
 11711 | D:11     | Offered knowledge of Inner Flame by Vehumet.
 11712 | D:11     | Reached skill level 12 in Earth Magic
 12049 | D:11     | Found a sparkling altar of Nemelex Xobeh.
 12077 | D:11     | Reached skill level 5 in Armour
 12528 | D:11     | Reached ***** piety under Vehumet
 12534 | D:11     | Offered knowledge of Conjure Ball Lightning by Vehumet.
 12534 | D:11     | Reached skill level 5 in Fighting
 12666 | D:11     | Found a staircase to the Orcish Mines.
 13195 | D:11     | Annihilated by a very large slime creature

Vault maps used:
D:1:      lightli_arrival_flooded_house
D:2:      grunt_gozag_breadcrumbs, nemelex_spade_bored_becter
D:3:      kennysheep_doodads
D:4:      yredelemnul_forgotten_temple_becter, serial_shops, kennysheep_mini,
          first_ration, gammafunk_ghost_split, uniq_menkaure
D:5:      minmay_temple_entry_junction_2, uniq_sigmund, uniq_grinder, uniq_pikel
D:6:      uniq_blork_the_orc, uniq_crazy_yiuf_cottage
D:7:      nicolae_overflow_hidden_temple, minitemple, serial_shops,
          kennysheep_little_box, grunt_ministairs_8, grunt_livestock,
          xom_teletrap_fun, uniq_harold
D:8:      chequers_temple_overflow_statue_of_worship, uniq_joseph
D:9:      lemuel_blue_sif_altar, serial_shops, nicolae_shop_behind_doors
D:10:     dpeg_oklobed_lair, minmay_checkerbox
D:11:     zombieorc2_lemuel, basic_altar, uniq_urug
Temple:   dshaligram_water_room_temple

Skill      XL: |  1  2  3  4  5  6  7  8  9 10 11 12 |
---------------+-------------------------------------+-----
Earth Magic    | 4 5 6 7 8 10 11 12 | 12.2
Spellcasting   | 3 4 5 6 7 8 9 |  9.4
Conjurations   | 1 2 3 4 6 8 9 10 | 10.5
Fighting       | 2 4 5 |  5.1
Maces & Flails | 2 4 |  4.7
Armour         | 2 4 5 |  5.3
Dodging        | 2 3 4 |  4.3
Evocations     | 1 3 4 |  4.2
Stealth        | |  2.1
Transmutations | |  0.7

Action                   |  1- 3 |  4- 6 |  7- 9 | 10-12 || total
-------------------------+-------+-------+-------+-------++-------
Melee: Dagger            |    51 |       |       |       ||    51
       Unarmed           |    17 |       |       |       ||    17
       Short sword       |    32 |   145 |   126 |     1 ||   304
       Scimitar          |       |       |       |   407 ||   407
 Cast: Sandblast         |    16 |    24 |    58 |   104 ||   202
       Stone Arrow       |     1 |     5 |    18 |    38 ||    62
       Lee's Rapid Decon |       |       |     9 |    33 ||    42
  Use: Scroll            |       |    13 |     5 |     6 ||    24
       Potion            |       |       |     2 |     3 ||     5
 Stab: Sleeping          |     2 |     2 |     2 |     3 ||     9
  Eat: Chunk             |     2 |     7 |    10 |    19 ||    38
       Ration            |       |       |     1 |     3 ||     4
Armor: Robe              |    40 |    79 |    92 |   379 ||   590
Dodge: Dodged            |    67 |    96 |   137 |   463 ||   763
       Rpst.: Scimitar   |       |       |       |   118 ||   118

Table legend:
 A = Non-vault XP
 B = Vault XP
 C = Vault XP percentage of total XP
 D = Non-vault monster count
 E = Vault monster count
 F = Vault count percentage of total count
                 A         B        C        D         E       F
            +---------+---------+-------+---------+---------+-------
      Total |   18299 |    7186 |  28.2 |     262 |      58 |  18.1
            +---------+---------+-------+---------+---------+-------
        D:1 |      28 |       0 |   0.0 |      15 |       0 |   0.0
        D:2 |      73 |       0 |   0.0 |      22 |       0 |   0.0
        D:3 |      29 |       0 |   0.0 |      15 |       0 |   0.0
        D:4 |     549 |     631 |  53.5 |      21 |       6 |  22.2
        D:5 |     237 |    1127 |  82.6 |      11 |       3 |  21.4
        D:6 |     579 |     140 |  19.5 |      15 |       2 |  11.8
        D:7 |    1116 |    2019 |  64.4 |      27 |       7 |  20.6
        D:8 |    3809 |     475 |  11.1 |      28 |       1 |   3.4
        D:9 |    1786 |       0 |   0.0 |      20 |       0 |   0.0
       D:10 |    3387 |    1213 |  26.4 |      33 |       3 |   8.3
       D:11 |    6706 |    1581 |  19.1 |      55 |      36 |  39.6
            +---------+---------+-------+---------+---------+-------
